 Dungeon Crawl Stone Soup version 0.25-a0-949-gdd2af9e06e (webtiles) character file.

Game seed: 16495947994440710121, levelgen mode: deterministic

116 sanka the Chiller (level 5, -2/35 HPs)
             Began as a Barachi Ice Elementalist on May 8, 2020.
             Killed by nerve-wracking pain
             ... invoked by Grinder
              (14 damage)
             ... on level 3 of the Dungeon.
             The game lasted 00:05:38 (3529 turns).

sanka the Chiller (Barachi Ice Elementalist)        Turns: 3529, Time: 00:05:38

Health: -2/35      AC:  2    Str:  9    XL:     5   Next: 1%
Magic:  9/11       EV: 12    Int: 16    God:
Gold:   115        SH:  0    Dex: 13    Spells: 1/12 levels left

rFire    . . .     SeeInvis .   m - -3 hunting sling (curse)
rCold    . . .     Gourm    .   (no shield)
rNeg     . . .     Faith    +   a - +0 robe
rPois    .         Spirit   .   (no helmet)
rElec    .         Reflect  .   (no cloak)
rCorr    .         Harm     .   (no gloves)
MR       .....                  (no boots)
Stlth    ++........             f - amulet of faith
HPRegen  0.11/turn              (no ring)
MPRegen  0.12/turn              (no ring)

@: can't hop, slow
A: +LOS, swims, slowness 1, strong legs 1
a: Hop


You were on level 3 of the Dungeon.
You were very hungry.

You visited 1 branch of the dungeon, and saw 4 of its levels.

You collected 115 gold pieces.


Innate Abilities, Weirdness & Mutations

You can be seen from farther away. (+LOS)
You can swim through water.
You cover ground slowly.
You can hop short distances.


   Skills:
 - Level 2.1 Dodging
 - Level 1.7 Stealth
 - Level 4.0 Spellcasting
 * Level 6.2 Ice Magic


You had one spell level left.
You knew the following spells:

 Your Spells              Type           Power        Failure   Level  Hunger
a - Ozocubu's Armour      Chrm/Ice       ##......     14%         3    ###....
x - Summon Ice Beast      Ice/Summ       ##......     43%         4    ####...
y - Frozen Ramparts       Ice            ###...       4%          3    ###....
z - Freeze                Ice            ###.         1%          1    None

Your spell library contained the following spells:

 Spells                   Type           Power        Failure   Level  Hunger
 Hailstorm                Conj/Ice       ##......     43%         4    ####...

Inventory:

Hand Weapons
 i - a +0 short sword
 m - a cursed -3 hunting sling (weapon)
 u - a cursed -1 dagger
 w - a +0 quarterstaff
Missiles
 d - 37 poisoned darts
 n - 55 stones (quivered)
Armour
 a - a +0 robe (worn)
 b - a +0 pair of gloves
Jewellery
 f - an amulet of faith (around neck)
Scrolls
 h - 4 scrolls of identify {unknown}
 j - 3 scrolls of noise {unknown}
 l - 4 scrolls of enchant armour {unknown}
 o - 4 scrolls of remove curse {unknown}
 p - a scroll of fear {unknown}
 q - a scroll of amnesia {unknown}
 x - a scroll of random uselessness {unknown}
 y - a scroll of enchant weapon {unknown}
Potions
 e - a potion of lignification {unknown}
 g - a potion of brilliance {unknown}
 k - a potion of cancellation {unknown}
 r - 2 potions of stabbing {unknown}
 s - 2 potions of haste {unknown}
 t - 2 potions of heal wounds {unknown}
 v - a potion of might {unknown}
Comestibles
 c - 2 rations

Dungeon Overview and Level Annotations

Branches:
Dungeon (4/15)
 Temple: D:4-7

Altars:
Ru
Wu Jian
Xom

Annotations:
D:3 Grinder
D:4 Sigmund

▒▒▒▒▒▒▒▒▒▒▒▒▒▒▒▒▒
▒...............▒▒▒▒▒▒▒▒▒▒▒
▒▒▒.▒▒▒▒▒▒▒▒▒▒▒.▒▒........▒
▒.▒ ▒.........▒▒........▒
▒.▒ ▒.▒▒▒▒▒▒▒▒▒▒........▒
▒.▒ ▒.▒..>...............
▒.▒ ▒.▒.F................
▒.▒ ▒.▒..▒▒▒▒▒▒▒.........
▒.▒ ▒.▒..▒▒▒▒▒...........
▒.▒ ▒.▒..▒...............
▒.▒ ▒.▒..▒.▒▒▒...........
▒.▒ ▒.▒.5▒.▒ ▒........▒+▒
▒.▒ ▒.▒..▒.▒ ▒..........▒
▒.▒ ▒.▒..▒.▒ ▒▒.▒▒'▒▒▒▒▒▒
▒.▒ ▒.▒..▒.▒ ▒.▒▒.▒


You could see Grinder.


Message History

* * * LOW HITPOINT WARNING * * *
Grinder completely resists.
The wall freezes Grinder but do no damage.
Grinder completely resists.
The wall freezes Grinder but do no damage.
Grinder completely resists.
The wall freezes Grinder but do no damage.
Grinder resists.
The wall freezes Grinder.
Grinder completely resists.
The wall freezes Grinder but do no damage.
The frozen ramparts melt away.
Grinder gestures at you. You resist with significant effort.
Grinder gestures at you. Pain shoots through your body!
* * * LOW HITPOINT WARNING * * *
Your magical contamination has completely faded away.
Grinder says, "Just stop there for a second..."
Grinder gestures at you. You resist with significant effort.
Use which ability? (? or * to list) Hop to where?
Boing!
Grinder gestures at you. Pain shoots through your body!
* * * LOW HITPOINT WARNING * * *
Grinder gestures at you. Pain shoots through your body!
You die...

Action                   |  1- 3 |  4- 6 || total
-------------------------+-------+-------++-------
Melee: Short sword       |     1 |       ||     1
 Fire: Hunting sling     |    51 |    33 ||    84
Throw: Dart              |     1 |       ||     1
 Cast: Freeze            |    44 |    10 ||    54
       Frozen Ramparts   |       |     2 ||     2
 Abil: Hop               |       |     1 ||     1
  Eat: Chunk             |     4 |     4 ||     8
Armor: Robe              |     5 |     2 ||     7
Dodge: Dodged            |    18 |     5 ||    23

Levels and vault maps discovered:
D:1:      psy_arrival_dodecagon, layout_basic
D:2:      layout_loops_corners, overflow_temple_1_default,
          nicolae_ru_path_of_blood, uniq_natasha
D:3:      layout_basic, ebering_dispersal_statue_hall
D:4:      layout_cave_pools, bloody_makhleb, xom_teletrap_fun,
          minmay_misc_feat_plants, uniq_menkaure, uniq_sigmund, uniq_grinder

Notes
Turn   | Place    | Note
-------+----------+-------------------------------------------
     0 | D:1      | sanka the Barachi Ice Elementalist began the quest for the
                  | Orb.
     0 | D:1      | Reached XP level 1. HP: 13/13 MP: 3/3
   187 | D:1      | Reached XP level 2. HP: 19/19 MP: 3/5
   247 | D:1      | Reached skill level 3 in Spellcasting
   670 | D:1      | Reached XP level 3. HP: 17/24 MP: 1/8
   677 | D:1      | Learned a level 3 spell: Frozen Ramparts
   681 | D:1      | Learned a level 3 spell: Ozocubu's Armour
  1204 | D:2      | Reached skill level 5 in Ice Magic
  1631 | D:2      | Found an ornate altar of the Wu Jian Council.
  1943 | D:2      | Reached XP level 4. HP: 27/30 MP: 6/9
  2168 | D:2      | Noticed Natasha
  2179 | D:2      | Killed Natasha
  2179 | D:2      | Reached skill level 4 in Spellcasting
  2469 | D:2      | Found a sacrificial altar of Ru.
  2550 | D:3      | Reached skill level 6 in Ice Magic
  2778 | D:3      | Learned a level 4 spell: Summon Ice Beast
  2952 | D:3      | Reached XP level 5. HP: 35/35 MP: 11/11
  3473 | D:4      | Found a shimmering altar of Xom.
  3481 | D:4      | Noticed Sigmund
  3483 | D:4      | Noticed Grinder
  3529 | D:3      | Killed from afar by Grinder

Vanquished Creatures
  Natasha (D:2)
  3 adders
  An ooze (D:2)
  A worm (D:2)
  A dart slug (D:3)
  3 leopard geckos
  An orc (D:3)
  2 giant cockroaches (D:2)
  7 hobgoblins
  6 jackals
  2 quokkas
  3 bats
  2 frilled lizards
  5 goblins
  6 kobolds
  4 rats
48 creatures vanquished.
